 Seeded DCSS version 0.30-a0-760-g5a9884bb7c (webtiles) character file.

Game seed: 379900693435879988 (custom seed)

6148 BigDaddyOpFi the Evangelist (level 10, -5/91 HPs)
             Began as a Hill Orc Fighter on Feb 10, 2023.
             Was an Elder of Beogh.
             Slain by a vampire
             ... wielding a +2 vampiric bardiche
              (19 damage)
             ... in a bailey.
             The game lasted 00:11:55 (9441 turns).

BigDaddyOpFi the Evangelist (Hill Orc Fighter)      Turns: 9441, Time: 00:11:56

Health: -5/91      AC: 19    Str: 23 (26) XL:     10   Next: 90%
Magic:  16/16      EV:  8    Int:  7 (8)  God:    Beogh [****..]
Gold:   1240       SH:  6    Dex: 16 (19) Spells: 9/9 levels left

rFire   + . .      SeeInvis .    o - +4 broad axe (heavy)
rCold   . . .      Faith    .    c - +0 buckler
rNeg    . . .      Spirit   .    l - +6 chain mail of the Spider Nest {Stlth+}
rPois   +          Reflect  .    (no helmet)
rElec   .          Harm     .    i - +1 cloak
rCorr   .          Rampage  .    (no gloves)
Will    .....                    (no boots) Stlth
                                 f - amulet of regeneration
HPRegen 1.15/turn                p - +6 ring of dexterity
MPRegen 0.15/turn                D - ring "Zin Usei" {rPois rF+ Str+2 Dex+3 Slay+4}

@: about to teleport
A: low MP 1, evolution 1
a: Renounce Religion, Smiting, Recall Orcish Followers


You were in a bailey.
You worshipped Beogh.
Beogh was greatly pleased with you.
You visited 1 branch of the dungeon, and saw 9 of its levels.
You also visited: Bailey.

You collected 1240 gold pieces.

Inventory:

Hand Weapons
 o - a +4 heavy broad axe (weapon)
 F - a +0 halberd
Missiles
 b - a throwing net
Armour
 c - a +0 buckler (worn)
 i - a +1 cloak (worn)
 l - the +6 chain mail of the Spider Nest (worn) {Stlth+}
   (You found it on level 7 of the Dungeon)

   Stlth:     It makes you more stealthy.
 y - a +3 plate armour
Jewellery
 f - an amulet of regeneration (around neck)
 n - a ring of ice
 p - a +6 ring of dexterity (left hand)
 t - a ring of resist corrosion
 x - a ring of protection from fire
 D - the ring "Zin Usei" (right hand) {rPois rF+ Str+2 Dex+3 Slay+4}
   (You acquired it on level 9 of the Dungeon)

   [ring of slaying]

   Str:       It affects your strength (+2).
   Dex:       It affects your dexterity (+3).
   Slay:      It affects your accuracy & damage with ranged weapons and melee
   (+4).
   rF:        It protects you from fire.
   rPois:     It protects you from poison.
Wands
 d - a wand of mindburst (13)
 h - a wand of iceblast (12)
 j - a wand of flame (14)
 A - a wand of paralysis (21) (quivered)
Scrolls
 m - 5 scrolls of teleportation
 q - a scroll of fog
 r - 2 scrolls of magic mapping
 s - a scroll of immolation
 u - a scroll of identify
 B - a scroll of amnesia
Potions
 a - a potion of lignification
 e - 3 potions of mutation
 k - a potion of attraction
 v - 2 potions of brilliance
 w - a potion of cancellation


   Skills:
 + Level 9.0 Fighting
 + Level 9.4 Axes
 + Level 8.3 Armour
 + Level 8.4 Shields
 * Level 10.7 Invocations


You had 9 spell levels left.
You didn't know any spells.
Your spell library contained the following spells:

 Spells                   Type           Power      Damage    Failure   Level
 Blink                    Tloc           0%         N/A       99%         2
 Ensorcelled Hibernation  Hex/Ice        0%         N/A       99%         2
 Lesser Beckoning         Tloc           0%         N/A       99%         2
 Momentum Strike          Conj/Tloc      0%         3d8       99%         2
 Inner Flame              Hex/Fire       0%         N/A       100%        3
 Kindle Blastsparks       Fire/Tloc/Air  0%         2d10      100%        3
 Spider Form              Tmut/Pois      0%         N/A       100%        3
 Summon Guardian Golem    Hex/Summ       0%         N/A       100%        3
 Tukima's Dance           Hex            0%         N/A       100%        3
 Anguish                  Hex/Necr       0%         N/A       100%        4
 Olgreb's Toxic Radiance  Pois           0%         N/A       100%        4
 Yara's Violent Unravell  Hex/Tmut       0%         3d3       100%        5
 Eringya's Noxious Bog    Tmut/Pois      0%         N/A       100%        6
 Orb of Destruction       Conj           0%         9d5       100%        7
 Spellforged Servitor     Conj/Summ      0%         N/A       100%        7
 Borgnjor's Revivificati  Necr           0%         N/A       100%        8
 Necromutation            Tmut/Necr      0%         N/A       100%        8
 Death's Door             Necr           0%         N/A       100%        9


Dungeon Overview and Level Annotations

Branches:
Dungeon (9/15)             Temple (0/1) D:5          Bailey (1/1)
   Lair: D:8-11         Orc: D:9-12

Altars:
Gozag
Makhleb
Nemelex Xobeh
Vehumet
Wu Jian
Xom

Annotations:
D:4 2 transporters, indyram44's ghost, amateur DsFi


Innate Abilities, Weirdness & Mutations

Your magical capacity is low. (-10% MP)
You have hidden genetic potential.


Message History

* * * LOW HITPOINT WARNING * * *
Something bites you.
* * * LOW HITPOINT WARNING * * *
Something draws strength from your injuries!
Aiming: Mindburst
Press: ? - help, Q - select action, (/) - cycle Shift-Dir - straight line Nothing appears to happen.
You block something's attack. x2
Okay, then.
Okay, then.
Okay, then.
Aiming: Paralyse
Press: ? - help, Q - select action, (/) - cycle Shift-Dir - straight line Nothing appears to happen.
Aiming: Paralyse
Press: ? - help, Q - select action, (/) - cycle Shift-Dir - straight line Nothing appears to happen.
Aiming: Paralyse
Press: ? - help, Q - select action, (/) - cycle Shift-Dir - straight line Nothing appears to happen.
Aiming: Paralyse
Press: ? - help, Q - select action, (/) - cycle Shift-Dir - straight line Nothing appears to happen.
You slash something! You hit something but do no damage. Something hits you.
* * * LOW HITPOINT WARNING * * *
Something bites you.
* * * LOW HITPOINT WARNING * * *
Something draws strength from your injuries!
Okay, then.
Your magical effects are unravelling.
You feel magically purged.
You feel less wooden.
Your +1 cloak unmelds from your body.
The +6 chain mail of the Spider Nest {Stlth+} unmelds from your body.
Something hits you but does no damage. Something bites you but does no damage.
You feel less attractive to monsters.
As you read the scroll of teleportation, it crumbles to dust.
You feel strangely unstable. Something hits you!!
You die...

##### ##### #..÷#
#8...###### #.÷.####
....##.8#####.))'..#
#...#..#8..#####.)#
#..'..#.......##'#
#@.'..#...........
#{..#..#........♣..
!.....##..#....♣♣.....
#....##...#.........♣.
######....##......♣...
#8......##......♣..
#...##)..##........
#..##....#.....♣...
#..#....##.).......


There were no monsters in sight!

Vanquished Creatures
  Pikel (D:7)
  Joseph (D:7)
  Maggie (D:8)
  A gargoyle (Bailey)
  Sigmund (D:6)
  Edmund (D:5)
  Duvessa (D:5)
  4 water moccasins
  3 orc warriors
  A black bear (D:5)
  2 sky beasts
  3 ice beasts (D:6)
  2 ogres (D:6)
  2 phantoms
  3 kobold brigands
  6 bullfrogs
  4 necrophages
  3 scorpions
  8 wights
  Dowan (D:5)
  6 wolf zombies (Bailey)
  A howler monkey (D:7)
  8 vampire bats (Bailey)
  A crimson imp (D:7)
  A gnoll bouda (D:6)
  5 hounds
  3 jellies
  Crazy Yiuf (D:4)
  2 orc priests
  An iguana (D:4)
  4 orc wizards
  7 gnolls
  5 adders
  A shadow imp (D:7)
  2 white imps
  An ufetubus (D:5)
  2 worms
  4 dart slugs
  11 orcs
  3 bats
  9 endoplasms
  5 giant cockroaches
  9 goblins
  7 hobgoblins
  14 jackals
  24 kobolds
  5 quokkas
  4 ball pythons
  A frilled lizard (D:1)
  22 orc zombies (Bailey)
  2 rats (D:1)
220 creatures vanquished.

Vanquished Creatures (collateral kills)
  A steam dragon (D:8)
  An orc (D:8)
2 creatures vanquished.

Vanquished Creatures (others)
  A black bear (D:6)
  A killer bee (D:6)
  A jelly (D:6)
  A hound (D:6)
  An iguana (D:6)
  An orc wizard (D:6)
  A gnoll (D:6)
  6 orcs
  A plant (D:2)
14 creatures vanquished.

Grand Total: 236 creatures vanquished

Notes
Turn   | Place    | Note
-------+----------+-------------------------------------------
     0 | D:1      | BigDaddyOpFi the Hill Orc Fighter began the quest for the
                  | Orb.
     0 | D:1      | Reached XP level 1. HP: 19/19 MP: 1/1
   167 | D:1      | Reached XP level 2. HP: 26/27 MP: 2/2
   588 | D:1      | Reached XP level 3. HP: 32/33 MP: 3/3
   779 | D:2      | Identified a scroll of acquirement
   779 | D:2      | Acquired a +2 heavy broad axe
   836 | D:2      | HP: 1/33 [adder (2)]
  1004 | D:2      | Reached XP level 4. HP: 31/40 MP: 4/4
  1531 | D:2      | Found a faded altar of an unknown god.
  1657 | D:3      | Got Sif Muna's Tome of the Repulsive Pyre
  2419 | D:4      | Noticed indyram44's ghost (amateur DsFi)
  2437 | D:4      | Found a transporter.
  2566 | D:4      | Found a transporter.
  2578 | D:4      | Reached XP level 5. HP: 33/47 MP: 5/5
  2659 | D:4      | Found an ornate altar of the Wu Jian Council.
  2698 | D:4      | Acquired 840 gold pieces
  3137 | D:4      | Found a runed translucent door.
  3138 | D:4      | Noticed Crazy Yiuf
  3447 | D:4      | Killed Crazy Yiuf
  3477 | D:5      | Entered Level 5 of the Dungeon
  3491 | D:5      | Reached skill level 5 in Fighting
  3491 | D:5      | Reached XP level 6. HP: 56/56 MP: 6/6
  3548 | D:5      | Found a staircase to the Ecumenical Temple.
  3618 | D:5      | Noticed a black bear
  3623 | D:5      | Killed a black bear
  3697 | D:5      | Found a sparkling altar of Nemelex Xobeh.
  3791 | D:5      | Reached skill level 5 in Axes
  3822 | D:5      | Became a worshipper of Beogh the Brigand
  3905 | D:5      | Reached skill level 5 in Shields
  3935 | D:5      | Reached skill level 5 in Armour
  3935 | D:5      | Reached XP level 7. HP: 59/61 MP: 7/7
  3981 | D:5      | Reached skill level 1 in Invocations
  4050 | D:5      | Noticed Duvessa
  4051 | D:5      | Noticed Dowan
  4054 | D:5      | Killed Duvessa
  4055 | D:5      | Reached skill level 2 in Invocations
  4059 | D:5      | Killed Dowan
  4146 | D:5      | Noticed Edmund
  4153 | D:5      | Killed Edmund
  4154 | D:5      | Reached skill level 3 in Invocations
  4154 | D:5      | Reached XP level 8. HP: 61/70 MP: 8/10
  4462 | D:5      | Reached skill level 4 in Invocations
  4966 | D:6      | Reached * piety under Beogh
  5962 | D:6      | Found a shimmering altar of Xom.
  5963 | D:6      | Noticed Sigmund
  5981 | D:6      | Reached skill level 5 in Invocations
  5999 | D:6      | Killed Sigmund
  6001 | D:6      | Reached skill level 6 in Invocations
  6001 | D:6      | Reached XP level 9. HP: 50/79 MP: 13/13
  6318 | D:6      | Found an opulent altar of Gozag.
  6365 | D:6      | Reached skill level 7 in Invocations
  6372 | D:6      | Reached ** piety under Beogh
  6918 | D:7      | Reached skill level 8 in Invocations
  6975 | D:7      | Noticed Pikel
  6982 | D:7      | Killed Pikel
  6983 | D:7      | Reached XP level 10. HP: 80/88 MP: 16/16
  7090 | D:7      | Noticed Joseph
  7099 | D:7      | Killed Joseph
  7100 | D:7      | Reached skill level 9 in Invocations
  7268 | D:7      | Got the Book of Hexes
  7365 | D:7      | Found a burning altar of Makhleb.
  7366 | D:7      | Found a radiant altar of Vehumet.
  7450 | D:7      | Reached *** piety under Beogh
  7454 | D:7      | Identified the +6 chain mail of the Spider Nest {Stlth+}
  7751 | D:8      | Gained mutation: Your magical capacity is low. (-10% MP)
                  | [potion of mutation]
  7751 | D:8      | Gained mutation: You have hidden genetic potential. [potion
                  | of mutation]
  8430 | D:8      | Noticed Maggie
  8435 | D:8      | Killed Maggie
  8440 | D:8      | Reached skill level 10 in Invocations
  9126 | D:9      | Found a flagged portal.
  9129 | D:9      | Acquired the ring "Zin Usei" {rPois rF+ Str+2 Dex+3 Slay+4}
  9146 | Bailey   | Entered a bailey
  9223 | Bailey   | Reached **** piety under Beogh
  9395 | Bailey   | Noticed a gargoyle
  9400 | Bailey   | Killed a gargoyle
  9441 | Bailey   | Slain by a vampire

Illustrated notes

Levels and vault maps discovered:
D:1:      matt_arrival_refuge, layout_basic
D:2:      layout_loops_ring, shapermc_ecumenical_altar_mp_ritualfount,
          chequers_decorated_corner
D:3:      layout_rooms, serial_forest, infiniplex_forest_fountain,
          infiniplex_forest_corner_2, infiniplex_forest_lined_corner,
          infiniplex_forest_end_2, infiniplex_forest_straight_2,
          infiniplex_forest_lined_4_way, infiniplex_forest_end_2,
          infiniplex_forest_clump_large, kennysheep_generic_room_13
D:4:      layout_basic, mainiacjoe_overflow_brackets,
          gammafunk_ghost_stat_death, serial_corexii_hall,
          corexii_hall_statues_x, chequers_hall_statues_y,
          corexii_hall_statues_deadend, corexii_hall_statues_t,
          kennysheep_opposing_triangles, uniq_crazy_yiuf_cottage
D:5:      layout_gridville, mainiacjoe_overflow_six_doors_small,
          minmay_temple_entry_antechambers, uniq_duvessa, uniq_edmund
D:6:      layout_loops_corners, grunt_gozag_statues, xom_confusion_cloud,
          uniq_sigmund
D:7:      layout_loops_cross, grunt_temple_overflow_lords_of_destruction,
          uniq_pikel, uniq_joseph
D:8:      layout_loops_ring, uniq_maggie
D:9:      layout_basic, marbit_many_paths, grunt_temple_overflow_open,
          enter_bailey_2, serial_shops, kennysheep_mini_moat,
          minmay_misc_feat_five
Bailey:   bailey_polearm_vampire_castle_hellmonk, bailey

Skill      XL: |  1  2  3  4  5  6  7  8  9 10 |
---------------+-------------------------------+-----
Axes           | 3 4 5 6 7 8 9 |  9.4
Fighting       | 4 5 6 7 8 9 |  9.0
Armour         | 4 5 6 7 8 |  8.3
Shields        | 4 5 6 7 8 |  8.4
Invocations    | 3 6 8 10 | 10.7

Action                     |  1- 3 |  4- 6 |  7- 9 | 10-12 || total
---------------------------+-------+-------+-------+-------++-------
  Melee: War axe           |    76 |       |       |       ||    76
         Broad axe         |    21 |   105 |   126 |   169 ||   421
 Invoke: Convert to Beogh  |       |     1 |       |       ||     1
  Evoke: Wand              |       |       |       |     6 ||     6
    Use: Scroll            |     1 |     5 |    19 |     3 ||    28
         Potion            |     1 |       |     8 |     8 ||    17
   Stab: Invisible         |       |       |     6 |       ||     6
 Armour: Scale mail        |    51 |    77 |    19 |       ||   147
         Plate armour      |       |       |   102 |    38 ||   140
         Chain mail        |       |       |       |   123 ||   123
         Skin              |       |       |       |     7 ||     7
  Dodge: Dodged            |    44 |    82 |    71 |    94 ||   291
  Block: Buckler           |    32 |    56 |    47 |    98 ||   233

Table legend: (Time is in decaauts)
 A = Elapsed time spent in this place.
 B = Non-inter-level travel time spent in this place.
 C = Inter-level travel time spent in this place.
 D = Time resting spent in this place.
 E = Time spent auto-exploring this place.
 F = Levels seen in this place.
 G = Mean time per level.
                   A        B        C        D        E       F      G
               +--------+--------+--------+--------+--------+-----+--------+
         Total |   9866 |   9622 |    244 |   2070 |   5676 |  10 |  986.6 |
       Dungeon |   9519 |   9275 |    244 |   2070 |   5666 |   9 | 1057.7 |
        Bailey |    346 |    346 |      0 |      0 |     10 |   1 |  346.0 |
               +--------+--------+--------+--------+--------+-----+--------+

Top non-repeatable levels by time:
     D:6: 2053 daAuts
     D:5: 1494 daAuts
     D:8: 1450 daAuts
     D:4: 1154 daAuts
     D:2: 970 daAuts
     D:7: 874 daAuts
     D:3: 765 daAuts
     D:1: 733 daAuts
  Bailey: 346 daAuts
     D:9: 24 daAuts
